 Dungeon Crawl Stone Soup version 0.31-a0-187-gba352fbbf7 (webtiles) character file.

Game seed: 10148341584143459940

51 qw the Shooter (level 3, -2/20 HPs)
             Began as a Deep Elf Hunter on June 22, 2023.
             Slain by Sigmund
             ... wielding a +0 scythe
              (7 damage)
             ... on level 2 of the Dungeon.
             The game lasted 00:00:19 (805 turns).

qw the Shooter (Deep Elf Hunter)                     Turns: 805, Time: 00:00:20

Health: -2/20      AC:  3    Str: 10    XL:     3   Next: 57%
Magic:  5/5        EV: 12    Int: 13    God:
Gold:   29         SH:  0    Dex: 18    Spells: 2/2 levels left

rFire   . . .        a - +0 shortbow
rCold   . . .        (shield currently unavailable)
rNeg    . . .        c - +0 leather armour
rPois   .            (no helmet)
rElec   .            (no cloak)
rCorr   .            (no gloves)
SInv    .            (no boots)
Will    .....        (no amulet)
Stlth   ++           (no ring)
HPRegen 0.23/turn    (no ring)
MPRegen 0.09/turn

%: no passive effects
@: no status effects
A: no striking features
a: no special abilities


You were on level 2 of the Dungeon.
You visited 1 branch of the dungeon, and saw 2 of its levels.

You collected 29 gold pieces.


   Skills:
 - Level 1.5 Fighting
 + Level 7.1 Ranged Weapons
 - Level 2.4 Dodging
 - Level 1.2 Stealth


You had 2 spell levels left.
You didn't know any spells.
Your spell library was empty.

Inventory:

Hand Weapons
 a - a +0 shortbow (weapon)
Armour
 c - a +0 leather armour (worn)
 d - a +0 ring mail
 g - a +0 helmet
Jewellery
 b - a ring of positive energy
Scrolls
 f - a scroll of identify {unknown}
Potions
 e - a potion of heal wounds {unknown}

Dungeon Overview and Level Annotations

Branches:
Dungeon (2/15)

Altars:

Shops:
D:2 (

Annotations:
D:2 Sigmund


Message History

You enter the shallow water.
Moving in this stuff is going to be slow.
There is an entrance to Muyqah's Antique Weapon Shoppe here.
736 ||| SHOPLISTING longbow (123 gold, have 24).
You can access your shopping list by pressing '$'.
736 ||| SHOPLISTING orcbow (66 gold, have 24).
You can access your shopping list by pressing '$'.
You open the door.
There is an open door here.
There is an open door here.
You now have 29 gold pieces (gained 5).
An endoplasm comes into view.
Found a book of Debilitation and 6 stones.
Enter note:
Enter note: You shoot an arrow.
The arrow hits the endoplasm.
The endoplasm is severely wounded.
You shoot an arrow.
The arrow hits the endoplasm but does no damage.
The endoplasm is severely wounded.
You hear a shout!
You shoot an arrow. The arrow barely misses the endoplasm.
You shoot an arrow. The arrow hits the endoplasm!
You kill the endoplasm!
Sigmund mumbles some strange words.
Sigmund flickers and vanishes!
Deactivating autopickup; reactivate with Ctrl-A.
You shoot an arrow. You shoot an arrow. Something hits you.
You shoot an arrow. Something hits you.
You shoot an arrow. Something hits you but does no damage.
You shoot an arrow. You shoot an arrow. Something hits you!
You shoot an arrow. Something hits you!
You die...

........#...............##
7P~
.########.###.###......####
~ .# #.#........#.#....# .#
#.#..####.#######'#7 .#
#.#.....#.# #......7 .#
#.##.##.#.# #......7 ##
#.##....#.# #......7
#.#######.# #######7
#.......@.# #.7 ~
....##......... #..77 ~ .
#......... ...~ ~
#......... ...7~ #.....$...
..~7 #......... ...
#......... #.. #(:.......
#<. ##.


There were no monsters in sight!

Vanquished Creatures
  Robin (D:2)
  A dart slug (D:1)
  2 endoplasms (D:2)
  3 giant cockroaches (D:1)
  7 hobgoblins
  A kobold (D:1)
  4 ball pythons (D:1)
  5 bats (D:1)
  6 goblins (D:2)
  3 rats (D:1)
33 creatures vanquished.

Notes
Turn   | Place    | Note
-------+----------+-------------------------------------------
     0 | D:1      | qw the Deep Elf Hunter began the quest for the Orb.
     0 | D:1      | Reached XP level 1. HP: 12/12 MP: 3/3
     0 | D:1      | 0 ||| qw: Version: 0.3-a-9-g12657ce
     0 | D:1      | 0 ||| qw: Game counter: 2332
     0 | D:1      | 0 ||| qw: Always use a shield: true
     0 | D:1      | 0 ||| qw: God list: Okawaru
     0 | D:1      | 0 ||| qw: Allow faded altars: false
     0 | D:1      | 0 ||| qw: Do Orc after D:15 true
     0 | D:1      | 0 ||| qw: Do second Lair branch before Depths: true
     0 | D:1      | 0 ||| qw: Lair rune preference: random
     0 | D:1      | 0 ||| qw: Plans: Normal
     0 | D:1      | 0 ||| PLANNING D:1-11
   216 | D:1      | Reached XP level 2. HP: 16/16 MP: 4/4
   249 | D:1      | Reached skill level 6 in Ranged Weapons
   478 | D:1      | 478 ||| DROPPING ring of wizardry.
   479 | D:1      | 479 ||| DROPPING scroll of butterflies.
   491 | D:2      | Noticed Sigmund
   493 | D:2      | 493 ||| STAIRDANCE
   686 | D:2      | Found Muyqah's Antique Weapon Shoppe.
   695 | D:2      | Noticed Robin
   696 | D:2      | Reached XP level 3. HP: 20/20 MP: 5/5
   710 | D:2      | Killed Robin
   711 | D:2      | Reached skill level 7 in Ranged Weapons
   736 | D:2      | 736 ||| SHOPLISTING longbow (123 gold, have 24).
   736 | D:2      | 736 ||| SHOPLISTING orcbow (66 gold, have 24).
   804 | D:2      | HP: 5/20 [something (9)]
   805 | D:2      | Slain by Sigmund

Levels and vault maps discovered:
D:1:      psy_arrival_conway, layout_basic, roderic_malta_cross,
          kennysheep_doodads
D:2:      layout_basic, serial_shops, nicolae_shop_waterfront,
          serial_bayou_ford_a, uniq_robin, uniq_sigmund

Skill      XL: |  1  2  3 |
---------------+----------+-----
Ranged Weapons | 6 7 |  7.1
Fighting       | |  1.5
Dodging        | |  2.4
Stealth        | |  1.2

Action                     || total
---------------------------++-------
   Fire: Shortbow          ||    82
 Armour: Leather armour    ||     7
         Skin              ||     5
  Dodge: Dodged            ||     7

Table legend:
 A = Non-vault XP
 B = Vault XP
 C = Vault XP percentage of total XP
 D = Non-vault monster count
 E = Vault monster count
 F = Vault count percentage of total count
                 A         B        C        D         E       F
            +---------+---------+-------+---------+---------+-------
      Total |      38 |      35 |  47.9 |      22 |      11 |  33.3
            +---------+---------+-------+---------+---------+-------
        D:1 |      32 |       0 |   0.0 |      19 |       0 |   0.0
        D:2 |       6 |      35 |  85.4 |       3 |      11 |  78.6
            +---------+---------+-------+---------+---------+-------
